 Dungeon Crawl Stone Soup version 0.31-a0-217-g58bb5d79cf (webtiles) character file.

Game seed: 5268918800581145051

1629 qw the Skirmisher (level 8, 0/68 (70) HPs)
             Began as a Minotaur Hexslinger on July 2, 2023.
             Was a Follower of Okawaru.
             Slain by a wight
             ... wielding a +4 spear of freezing
              (10 damage)
             ... on level 6 of the Dungeon.
             The game lasted 00:01:44 (4769 turns).

qw the Skirmisher (Minotaur Hexslinger)             Turns: 4769, Time: 00:01:45

HP:   0/68 (70)     AC:  3    Str: 13    XL:     8   Next: 65%
MP:   8/9           EV: 16    Int: 10    God:    Okawaru [*.....]
Gold: 1370          SH:  0    Dex: 15    Spells: 8/9 levels left

rFire   + + +        Y - +0 longbow
rCold   . . .        (shield currently unavailable)
rNeg    + . .        e - +0 leather armour of Hepliaklqana's Whim {rF++ rN+}
rPois   .            (helmet restricted)
rElec   .            (no cloak)
rCorr   +            (no gloves)
SInv    .            (no boots)
Will    .....        (no amulet)
Stlth   +++          f - ring of protection from fire
HPRegen 0.31/turn    c - ring of resist corrosion
MPRegen 0.11/turn

%: no passive effects
@: about to teleport, heroic, lightly drained
A: horns 2, retaliatory headbutt
a: Renounce Religion, Heroism


You were on level 6 of the Dungeon.
You worshipped Okawaru.
Okawaru was aware of your devotion.
You visited 1 branch of the dungeon, and saw 6 of its levels.

You collected 1370 gold pieces.


Innate Abilities, Weirdness & Mutations

You have a pair of horns on your head.
You reflexively headbutt those who attack you in melee.


   Skills:
 - Level 6.0(11.0) Fighting
 + Level 9.4(14.4) Ranged Weapons
 - Level 1.2(6.2) Armour
 - Level 3.8(8.8) Dodging
 - Level 1.0 Spellcasting
 - Level 2.0 Hexes
 + Level 3.6 Invocations


You had 8 spell levels left.
You knew the following spells:

 Your Spells              Type           Power      Damage    Failure   Level
a - Slow                  Hex            16%        N/A       19%         1

Your spell library contained the following spells:

 Spells                   Type           Power      Damage    Failure   Level
 Inner Flame              Hex/Fire       2%         N/A       63%         3
 Portal Projectile        Hex/Tloc       4%         N/A       63%         3
 Cause Fear               Hex            2%         N/A       88%         4

Inventory:

Hand Weapons
 Y - a +0 longbow (weapon)
Armour
 a - a +0 ring mail
 e - the +0 leather armour of Hepliaklqana's Whim (worn) {rF++ rN+}
   (You found it on level 5 of the Dungeon)

   rF:        It greatly protects you from fire.
   rN:        It protects you from negative energy.
Jewellery
 c - a ring of resist corrosion (right hand)
 f - a ring of protection from fire (left hand)
 h - a ring of resist corrosion
Scrolls
 i - a scroll of enchant armour
 n - a scroll of identify
Potions
 d - a potion of enlightenment {unknown}
 g - a potion of might
 k - a potion of berserk rage {unknown}
 l - 2 potions of curing

Dungeon Overview and Level Annotations

Branches:
Dungeon (6/15)             Temple (0/1) D:4

Altars:
Ashenzari
Gozag
Hepliaklqana
Nemelex Xobeh
Okawaru
Ru
Sif Muna
Trog
Vehumet
Xom
Yredelemnul


Message History

You shoot an arrow.
The arrow hits the wight but does no damage.
The wight is heavily damaged.
The wight barely misses you.
The wight hits you with a +5 great sword!
You shoot an arrow. The arrow hits the wight!
The wight is almost destroyed.
The wight barely misses you. x2
You shoot an arrow. The arrow closely misses the wight.
The wight barely misses you. The wight misses you.
You shoot an arrow.
The arrow hits the wight but does no damage.
The wight is almost destroyed.
The wight closely misses you.
The wight hits you with a +5 great sword!
You partially resist.
You feel drained.
You shoot an arrow. The arrow hits the wight.
You destroy the wight!
Okawaru accepts your kill. The wight misses you.
Your life force feels restored.
You shoot an arrow. The arrow hits the wight.
The wight is lightly damaged.
The wight hits you from afar with a +4 spear of freezing!
You partially resist.
You feel drained. The wight freezes you.
4766 ||| READING scroll of teleportation.
As you read the scroll of teleportation, it crumbles to dust.
You feel strangely unstable. The wight barely misses you.
You shoot an arrow. The arrow barely misses the wight.
The wight barely misses you.
You shoot an arrow.
The arrow hits the wight but does no damage.
The wight is lightly damaged.
The wight hits you from afar with a +4 spear of freezing.
You partially resist.
You feel drained. The wight freezes you.
You shoot an arrow. The arrow hits the wight!
The wight is heavily damaged.
The wight hits you from afar with a +4 spear of freezing!
You die...

#...####... #...
#......#... #...
#......#... #...
#......#... #...
#......#... #...
#......###. ..z
#......###.
#)#########.#......
#.@.........#.#####
#############.# #.#
#.# #.# #.# #.# #.#


You could see a wight.

Vanquished Creatures
  Prince Ribbit (D:5)
  Sigmund (D:3)
  Menkaure (D:5)
  A water moccasin (D:5)
  An ogre (D:5)
  A centaur (D:6)
  A scorpion (D:5)
  2 wights (D:6)
  3 hounds
  3 orc priests
  A gnoll bouda (D:5)
  Jessica (D:2)
  Ijyb (D:3)
  An iguana (D:6)
  Natasha (twice) (D:2)
  5 orc wizards
  Robin (D:2)
  9 gnolls (D:5)
  4 adders
  2 white imps (D:5)
  An ufetubus (D:5)
  A worm (D:4)
  6 dart slugs
  15 orcs
  10 ball pythons
  5 bats
  5 endoplasms
  5 giant cockroaches
  15 goblins
  13 hobgoblins
  6 kobolds
  2 quokkas (D:2)
  2 frilled lizards (D:1)
  5 rats
133 creatures vanquished.

Notes
Turn   | Place    | Note
-------+----------+-------------------------------------------
     0 | D:1      | qw the Minotaur Hexslinger began the quest for the Orb.
     0 | D:1      | Reached XP level 1. HP: 16/16 MP: 1/1
     0 | D:1      | 0 ||| qw: Version: 0.3-a-40-ge99b1a8
     0 | D:1      | 0 ||| qw: Game counter: 260
     0 | D:1      | 0 ||| qw: Melee chars always use a shield: true
     0 | D:1      | 0 ||| qw: God list: Okawaru
     0 | D:1      | 0 ||| qw: Allow faded altars: false
     0 | D:1      | 0 ||| qw: Do Orc after clearing Dungeon:15 true
     0 | D:1      | 0 ||| qw: Do second Lair branch before Depths: true
     0 | D:1      | 0 ||| qw: Lair rune preference: random
     0 | D:1      | 0 ||| qw: Goals: Normal
     0 | D:1      | 0 ||| PLANNING D:1-11
   105 | D:1      | Reached skill level 3 in Ranged Weapons
   125 | D:1      | Reached XP level 2. HP: 23/23 MP: 2/2
   340 | D:1      | 340 ||| SWAPPING to +3 sling of freezing.
   341 | D:1      | 341 ||| DROPPING +1 sling.
   556 | D:1      | Reached XP level 3. HP: 29/29 MP: 3/3
   730 | D:1      | 730 ||| UPGRADING to +0 leather armour.
   740 | D:1      | 740 ||| DROPPING +0 robe.
   741 | D:1      | 741 ||| UPGRADING to ring of protection from fire.
   742 | D:1      | 742 ||| READING scroll labelled HUUJ FEUTED.
   743 | D:1      | 743 ||| DROPPING scroll of poison.
   765 | D:2      | Noticed Robin
   776 | D:2      | Killed Robin
   777 | D:2      | Reached skill level 4 in Ranged Weapons
   783 | D:2      | 783 ||| FLEEEEING.
   784 | D:2      | 784 ||| FLEEEEING.
   786 | D:2      | 786 ||| STAIRDANCE
   965 | D:2      | Reached XP level 4. HP: 36/36 MP: 4/4
  1155 | D:2      | Reached skill level 5 in Ranged Weapons
  1155 | D:2      | Noticed Natasha
  1162 | D:2      | Killed Natasha
  1247 | D:2      | Noticed Natasha
  1251 | D:2      | Killed Natasha
  1252 | D:2      | Reached skill level 3 in Fighting
  1252 | D:2      | Reached XP level 5. HP: 45/45 MP: 5/5
  1358 | D:2      | Noticed Jessica
  1367 | D:2      | Killed Jessica
  1462 | D:2      | 1462 ||| UPGRADING to ring of resist corrosion.
  1463 | D:2      | 1463 ||| READING scroll labelled NEMIDOISUYFO.
  1464 | D:2      | 1464 ||| READING scroll labelled MEATHRU MUGUR.
  1469 | D:2      | 1469 ||| DRINKING 2 puce potions.
  1494 | D:3      | 1494 ||| STAIRDANCE
  1507 | D:2      | HP: 11/45 [something (1)]
  1727 | D:3      | Noticed Sigmund
  1738 | D:3      | HP: 8/45 [something (8)]
  1740 | D:3      | Killed Sigmund
  1741 | D:3      | Reached skill level 6 in Ranged Weapons
  1741 | D:3      | Reached XP level 6. HP: 10/51 MP: 6/6
  1923 | D:3      | 1923 ||| SWAPPING to +0 longbow.
  1925 | D:3      | 1925 ||| DROPPING +3 sling of freezing.
  1937 | D:3      | Noticed an eye of devastation
  1941 | D:3      | Noticed a golden eye
  1943 | D:3      | Found a faded altar of an unknown god.
  1945 | D:3      | Noticed a golden eye
  1945 | D:3      | Noticed a great orb of eyes
  1995 | D:3      | Noticed Ijyb
  2007 | D:3      | Killed Ijyb
  2396 | D:3      | 2396 ||| READING scroll labelled SUOMOS VEOKUG.
  2397 | D:3      | 2397 ||| READING scroll labelled OKHUOD GUISM.
  2419 | D:4      | 2419 ||| STAIRDANCE
  2426 | D:3      | HP: 7/52 [orc wizard/magic dart (12)]
  2427 | D:3      | 2427 ||| DRINKING potion of heal wounds.
  2431 | D:3      | Reached skill level 7 in Ranged Weapons
  2629 | D:4      | Found a hazy altar of Hepliaklqana.
  2724 | D:4      | Reached XP level 7. HP: 55/59 MP: 7/7
  2758 | D:4      | Found a sparkling altar of Nemelex Xobeh.
  2977 | D:4      | Found an iron altar of Okawaru.
  2978 | D:4      | 2978 ||| PLANNING OKAWARU WORSHIP
  2978 | D:4      | 2978 ||| UPGRADING to +0 ring mail.
  2988 | D:4      | 2988 ||| DROPPING +0 leather armour.
  2989 | D:4      | 2989 ||| DROPPING amulet of magic regeneration.
  2990 | D:4      | 2990 ||| READING scroll labelled MOYSUDDEMUC.
  2990 | D:4      | Identified a scroll of acquirement
  2990 | D:4      | 2990 ||| ACQUIRING 1170 gold pieces
  2990 | D:4      | Acquired 1170 gold pieces
  2991 | D:4      | 2991 ||| READING scroll labelled QEMPARREUSUT.
  2992 | D:4      | 2992 ||| READING scroll labelled RIEHAH IGEDASS.
  3002 | D:4      | 3002 ||| READING 2 scrolls of identify.
  3002 | D:4      | 3002 ||| IDENTIFYING glowing pink potion
  3003 | D:4      | 3003 ||| DROPPING potion of invisibility.
  3004 | D:4      | Became a worshipper of Warmaster Okawaru
  3005 | D:4      | 3005 ||| PLANNING D:1-11
  3038 | D:4      | Reached skill level 1 in Armour
  3056 | D:4      | Found a staircase to the Ecumenical Temple.
  3147 | D:4      | Found a bloodstained altar of Trog.
  3176 | D:4      | Found a radiant altar of Vehumet.
  3176 | D:4      | Found a sacrificial altar of Ru.
  3176 | D:4      | Found a shimmering altar of Xom.
  3176 | D:4      | Found a shimmering blue altar of Sif Muna.
  3178 | D:4      | Found an opulent altar of Gozag.
  3180 | D:4      | Found a broken altar of Ashenzari.
  3211 | D:5      | Entered Level 5 of the Dungeon
  3227 | D:5      | HP: 8/59 [gnoll/+0 halberd (11)]
  3228 | D:5      | 3228 ||| READING scroll of teleportation.
  3232 | D:5      | Found a basalt altar of Yredelemnul.
  3425 | D:5      | Reached skill level 8 in Ranged Weapons
  3426 | D:5      | HP: 12/59 [poisoned by a scorpion]
  3431 | D:5      | HP: 8/60 [poisoned by a scorpion]
  3784 | D:5      | Reached * piety under Okawaru
  3785 | D:5      | 3785 ||| INVOKING Heroism.
  3864 | D:5      | Noticed Menkaure
  3866 | D:5      | Killed Menkaure
  3867 | D:5      | Reached skill level 9 in Ranged Weapons
  3867 | D:5      | Reached XP level 8. HP: 69/69 MP: 8/8
  3870 | D:5      | 3870 ||| INVOKING Heroism.
  4151 | D:5      | Identified the +0 leather armour of Hepliaklqana's Whim
                  | {rF++ rN+}
  4217 | D:5      | Reached skill level 1 in Invocations
  4220 | D:5      | 4220 ||| FLEEEEING.
  4429 | D:5      | Noticed Prince Ribbit
  4430 | D:5      | 4430 ||| INVOKING Heroism.
  4444 | D:5      | Killed Prince Ribbit
  4445 | D:5      | Reached skill level 3 in Dodging
  4502 | D:5      | 4502 ||| UPGRADING to +0 leather armour of Hepliaklqana's
                  | Whim {rF++ rN+}.
  4512 | D:5      | 4512 ||| READING scroll labelled PUD GANULOSODE.
  4513 | D:5      | 4513 ||| READING 2 scrolls of identify.
  4513 | D:5      | 4513 ||| IDENTIFYING pink potion
  4711 | D:6      | Reached skill level 6 in Fighting
  4711 | D:6      | Reached skill level 3 in Invocations
  4759 | D:6      | 4759 ||| INVOKING Heroism.
  4765 | D:6      | HP: 16/70 [wight/+4 spear of freezing (8)]
  4766 | D:6      | 4766 ||| READING scroll of teleportation.
  4769 | D:6      | Slain by a wight

Levels and vault maps discovered:
D:1:      dpeg_arrival_pits, layout_basic, minmay_misc_feat_doors
D:2:      layout_basic, uniq_natasha, uniq_jessica, uniq_robin
D:3:      layout_rooms, hellmonk_ecumenical_altar_watching_god,
          nicolae_figureground_pulse, uniq_sigmund, uniq_ijyb
D:4:      layout_rooms, nemelex_xobeh_ov_fountains_minmay,
          mainiacjoe_overflow_alcove_2, minitemple,
          nicolae_hepliaklqana_hippocampus, minmay_temple_entry_fiery,
          kennysheep_generic_room_12
D:5:      layout_gridville, mainiacjoe_overflow_small_starburst,
          nicolae_sextant, uniq_prince_ribbit1, uniq_menkaure
D:6:      layout_basic, kennysheep_generic_room_2

Skill      XL: |  1  2  3  4  5  6  7  8 |
---------------+-------------------------+-----
Ranged Weapons | 3 4 5 6 7 9 |  9.4
Fighting       | 2 3 4 5 6 |  6.0
Armour         | 1 |  1.2
Invocations    | 3 |  3.6
Dodging        | 3 |  3.8
Spellcasting   | |  1.0
Hexes          | |  2.0

Action                     |  1- 3 |  4- 6 |  7- 9 || total
---------------------------+-------+-------+-------++-------
   Fire: Sling             |    88 |    76 |       ||   164
         Longbow           |       |    50 |   151 ||   201
 Invoke: Heroism           |       |       |     4 ||     4
    Use: Scroll            |     1 |     4 |     8 ||    13
         Potion            |       |     2 |       ||     2
 Armour: Robe              |     1 |       |       ||     1
         Leather armour    |    10 |    12 |     1 ||    23
         Ring mail         |       |       |    13 ||    13
  Dodge: Dodged            |    19 |    33 |    53 ||   105

Table legend:
 A = Non-vault XP
 B = Vault XP
 C = Vault XP percentage of total XP
 D = Non-vault monster count
 E = Vault monster count
 F = Vault count percentage of total count
                 A         B        C        D         E       F
            +---------+---------+-------+---------+---------+-------
      Total |    1506 |     822 |  35.3 |     114 |      19 |  14.3
            +---------+---------+-------+---------+---------+-------
        D:1 |      45 |       0 |   0.0 |      22 |       0 |   0.0
        D:2 |     130 |     109 |  45.6 |      23 |      15 |  39.5
        D:3 |      60 |     267 |  81.7 |      15 |       2 |  11.8
        D:4 |     228 |       0 |   0.0 |      19 |       0 |   0.0
        D:5 |     703 |     446 |  38.8 |      29 |       2 |   6.5
        D:6 |     340 |       0 |   0.0 |       6 |       0 |   0.0
            +---------+---------+-------+---------+---------+-------
